[Event "Aeroflot Open 2013"]
[Site "Moscow"]
[Date "2013.02.12"]
[Round "2.4"]
[White "Gabuzyan, Hovhannes"]
[Black "Jobava, Baadur"]
[Result "1/2-1/2"]
[ECO "A04"]
[WhiteElo "2517"]
[BlackElo "2704"]
[Annotator "Robot 4"]
[PlyCount "111"]
[EventDate "2013.??.??"]
[EventCountry "RUS"]
[TimeControl "900+10"]

1. Nf3 e6 2. g3 b6 3. Bg2 Bb7 4. O-O d5 5. c4 Ne7 6. d4 Nbc6 7. Nbd2 Qd7 8. e4 dxe4 9. Nxe4 O-O-O 10. b3 Nf5 11. d5 exd5 12. cxd5 f6 13. dxc6 Qxd1 14. cxb7+ Kb8 15. Bf4 Qd3 16. Rac1 Rd7 17. Neg5 Ba3 18. Ne6 Bxc1 19. Rxc1 Qe2 20. Nfd4 Nxd4 21. Nxd4 Qb2 22. Nc6+ Kxb7 23.
Ne5+ Kc8 24. Nxd7 Kxd7 25. Bh3+ Kd8 26. Rxc7 Qb1+ 27. Rc1 Qxa2 28. Rc8+ Ke7 29. Rxh8 Qb1+ 30. Bf1 a5 31. Rb8 Qxb3 32. Be3 Kf7 33.
Rxb6 Qd1 34. Ra6 a4 35. h4 Kg6 36. Kg2 Qb3 37. Be2 a3 38. h5+ Kf5 39. h6 gxh6 40. Bf3 Qb2 41. Bd5 Qb5 42. Be6+ Ke5 43. Rb6 Qa4 44. Bb3 Qa8+ 45. Kh2 a2 46. Re6+ Kf5 47. Bd4 a1=Q 48. Rxf6+ Kg5 49. Bxa1 Qxa1 50. Rf4 h5 51. Bd5 Qb2 52. Bg2 h6 53. Kg1 Qc1+ 54. Kh2 Qe1 55. Be4 h4 56. Rxh4 1/2-1/2

[Event "Aeroflot Open 2013"]
[Site "Moscow"]
[Date "2013.02.12"]
[Round "1.4"]
[White "Jobava, Baadur"]
[Black "Kalugin, Sergey G"]
[Result "1-0"]
[ECO "B23"]
[WhiteElo "2704"]
[BlackElo "2377"]
[Annotator "Robot 4"]
[PlyCount "87"]
[EventDate "2013.??.??"]
[EventCountry "RUS"]
[TimeControl "900+10"]

1. e4 c5 2. Nc3 Nc6 3. Nge2 e5 4. Nd5 d6 5. Nec3 a6 6. a4 Nge7 7. Bc4 Nxd5 8. Nxd5 Be6 9. d3 g6 10. h4 Bxd5 11. Bxd5 h5 12. c3 Bh6 13. Bxh6 Rxh6 14. Rh3 Rh7 15. Ra3 Qd7 16. Rf3 Ne7 17. Qb3 Nxd5 18. Qxd5 Rc8 19. Rb3 Rc6 20. a5 Rg7 21. Kd2 Ke7 22. d4 cxd4 23. cxd4 Qc7 24. Rfc3 exd4 25. Qxd4 f6 26. Qa7 Rxc3 27. Rxb7 Rc2+ 28. Kd3 Ke6 29. Rxc7 Rgxc7 30. Qb8 Rc1 31. Qe8+ Re7 32. Qxg6 Rd1+ 33. Ke3 Ra1 34. Qxh5 Kd7 35. Qf5+ Kc7 36. f3 Re5 37. Qxf6 Raxa5 38. g4 Rab5 39. h5 Rb3+ 40. Kf4 Rxb2 41. h6 Rh2 42. Qf7+ Kb6 43. h7 a5 44. Qf8 1-0

[Event "Aeroflot Open 2013"]
[Site "Moscow"]
[Date "2013.02.12"]
[Round "2.1"]
[White "Kamsky, Gata"]
[Black "Kotanjian, Tigran"]
[Result "1-0"]
[ECO "B80"]
[WhiteElo "2740"]
[BlackElo "2526"]
[Annotator "Robot 4"]
[PlyCount "57"]
[EventDate "2013.??.??"]
[EventCountry "RUS"]
[TimeControl "900+10"]

1. e4 c5 2. Nf3 d6 3. d4 cxd4 4. Nxd4 Nf6 5. Nc3 a6 6. Be3 e6 7. a4 Qc7 8. a5 d5 9. exd5 Bb4 10. Bd2 exd5 11. Bd3 O-O 12. Nce2 Bd6 13. h3 Nc6 14. O-O Re8 15. Nf3 h6 16. Ned4 Ne4 17. Re1 Bd7 18. Nxc6 Bxc6 19. Be3 Bb4 20. Bb6 Qf4 21. c3 Bd6 22. Be3 Qf6 23. Bd4 Qd8 24. Bb6 Qd7 25.
Nd4 Be5 26. Qg4 Qd6 27. Nf5 Bh2+ 28. Kh1 Qe5 29. Bxe4 1-0

[Event "Aeroflot Open 2013"]
[Site "Moscow"]
[Date "2013.02.12"]
[Round "2.5"]
[White "Kasimdzhanov, Rustam"]
[Black "Gorovets, Andrey"]
[Result "1-0"]
[ECO "C08"]
[WhiteElo "2709"]
[BlackElo "2481"]
[Annotator "Robot 4"]
[PlyCount "107"]
[EventDate "2013.??.??"]
[EventCountry "RUS"]
[TimeControl "900+10"]

1. e4 e6 2. d4 d5 3. Nd2 c5 4. exd5 exd5 5. Ngf3 a6 6. Be2 Nf6 7. O-O Be7 8. dxc5 Bxc5 9. Nb3 Ba7 10. c4 O-O 11. c5 Ne4 12. Be3 Nc6 13.
Rc1 Be6 14. Nbd4 Qe7 15. Nxc6 bxc6 16. b4 a5 17. a3 axb4 18. axb4 Bb8 19. Nd4 Bd7 20. b5 cxb5 21. c6 Be6 22. Nxb5 Rc8 23. Qd4 Nd6 24. Qb4 Qd8 25. c7 Bxc7 26. Rxc7 Rxc7 27. Nxd6 Qe7 28. Qf4 Rc2 29. Bf3 Qd7 30. Qg3 Ra6 31. Bf4 Kf8 32. h4 h6 33. Rd1 Rca2 34. Kh2 R2a5 35. Nc4 Ra4 36. Ne5 Qb5 37. Be3 Qb2 38. Nd3 Qf6 39. Nc5 Rxh4+ 40. Kg1 Ra8 41. Bxd5 Rd8 42. Nxe6+ fxe6 43. Bc5+ Kg8 44. Bxe6+ Kh8 45. Rxd8+ Qxd8 46. Bd6 Rh5 47. Bh3 Rd5 48. Be5 Qe7 49. f4 Qf7 50. Kh2 Rd8 51. Qh4 Re8 52. Qxh6+ Kg8 53. Qg5 Rf8 54. Be6 1-0

[Event "Aeroflot Open 2013"]
[Site "Moscow"]
[Date "2013.02.12"]
[Round "1.8"]
[White "Le, Quang Liem"]
[Black "Pasiev, Rakhim"]
[Result "1-0"]
[ECO "D40"]
[WhiteElo "2705"]
[BlackElo "2406"]
[Annotator "Robot 4"]
[PlyCount "53"]
[EventDate "2013.??.??"]
[EventCountry "RUS"]
[TimeControl "900+10"]

1. Nf3 c5 2. c4 Nc6 3. e3 e6 4. d4 cxd4 5. exd4 d5 6. Nc3 Nf6 7. a3 h6 8. Be3 Be7 9. Rc1 dxc4 10. Bxc4 Nd5 11. O-O O-O 12. Ba2 Bd6 13. Nxd5 exd5 14. Qb3 Ne7 15. Ne5 b6 16. Bb1 Be6 17. Bf4 f6 18.
Nc6 Nxc6 19. Rxc6 Bxf4 20. Rxe6 Rc8 21. g3 Bb8 22. Bf5 Rc4 23.
Qd3 Qc7 24. Qe3 Qd8 25. Re1 Bd6 26. Bd3 Rc7 27. Qf3 1-0

[Event "Aeroflot Open 2013"]
[Site "Moscow"]
[Date "2013.02.12"]
[Round "2.7"]
[White "Domogaev, Sergey"]
[Black "Le, Quang Liem"]
[Result "0-1"]
[ECO "A30"]
[WhiteElo "2510"]
[BlackElo "2705"]
[Annotator "Robot 4"]
[PlyCount "58"]
[EventDate "2013.??.??"]
[EventCountry "RUS"]
[TimeControl "900+10"]

1. Nf3 Nf6 2. c4 b6 3. g3 Bb7 4. Bg2 c5 5. O-O g6 6. Nc3 Bg7 7. Re1 d5 8.
d4 O-O 9. dxc5 dxc4 10. Qxd8 Rxd8 11. cxb6 axb6 12. Bf4 Nd5 13.
Be5 Nxc3 14. Bxc3 Bxc3 15. bxc3 Ra3 16. Red1 Rd6 17. Rxd6 exd6 18. Rd1 d5 19. e4 Rxc3 20. exd5 Nd7 21. Nd4 Ra3 22. Rd2 Ra5 23. Rc2 Rc5 24. Ne6 Rb5 25. Nc7 Rb1+ 26. Bf1 b5 27. f4 Nb6 28.
d6 Be4 29. Rf2 c3 0-1

[Event "Aeroflot Open 2013"]
[Site "Moscow"]
[Date "2013.02.12"]
[Round "2.12"]
[White "Efimenko, Zahar"]
[Black "Reshetnikov, Alexey"]
[Result "1/2-1/2"]
[ECO "A11"]
[WhiteElo "2696"]
[BlackElo "2508"]
[Annotator "Robot 4"]
[PlyCount "81"]
[EventDate "2013.??.??"]
[EventCountry "RUS"]
[TimeControl "900+10"]

1. Nf3 d5 2. g3 Nf6 3. Bg2 c6 4. c4 dxc4 5. O-O Nbd7 6. Qc2 Nb6 7. a4 a5 8. Na3 g6 9. Nxc4 Bg7 10. d3 O-O 11. Nxb6 Qxb6 12. Be3 Qc7 13.
Bd4 Nd5 14. Bxg7 Kxg7 15. Rac1 Nb4 16. Qc5 f6 17. h3 Qd6 18.
Nd2 Qxc5 19. Rxc5 Be6 20. f4 Rfd8 21. g4 b6 22. Rcc1 Rac8 23.
f5 Bf7 24. Nc4 Rb8 25. Be4 g5 26. Kf2 h6 27. Nd2 c5 28. Bf3 Rd4 29. b3 h5 30. Nc4 h4 31. Rc3 Kf8 32. Rcc1 Ke8 33. Rfd1 Na2 34. Rc2 Nb4 35. Rcd2 Rd7 36. e3 Bg8 37. Be4 Bf7 38. Ke2 Rdd8 39. Kf2 Bg8 40.
Ke2 Bf7 41. Kf2 1/2-1/2

[Event "Aeroflot Open 2013"]
[Site "Moscow"]
[Date "2013.02.12"]
[Round "1.5"]
[White "Firat, Burak"]
[Black "Kasimdzhanov, Rustam"]
[Result "0-1"]
[ECO "C91"]
[WhiteElo "2406"]
[BlackElo "2709"]
[Annotator "Robot 4"]
[PlyCount "68"]
[EventDate "2013.??.??"]
[EventCountry "RUS"]
[TimeControl "900+10"]

1. e4 e5 2. Nf3 Nc6 3. Bb5 a6 4. Ba4 Nf6 5. O-O Be7 6. Re1 b5 7. Bb3 O-O 8. d4 d6 9. c3 Bg4 10. Be3 exd4 11. cxd4 Na5 12. Bc2 Nc4 13. Bc1 c5 14. b3 Nb6 15. Nbd2 Rc8 16. a4 bxa4 17. bxa4 cxd4 18. h3 Bh5 19. Bb2 d5 20. e5 Nfd7 21. g4 Bg6 22. Bxg6 fxg6 23. Nxd4 Nc5 24. Ra3 Nc4 25. Nxc4 dxc4 26. Rc3 Nd3 27. Rxd3 cxd3 28. Qb3+ Kh8 29. Ne6 Rb8 30. Qa2 d2 31. Rd1 Qd3 32. Nxf8 Rxf8 33. e6 Rxf2 34. Kxf2 Bc5+ 0-1

[Event "Aeroflot Open 2013"]
[Site "Moscow"]
[Date "2013.02.12"]
[Round "1.2"]
[White "Fressinet, Laurent"]
[Black "Zaitsev, Alexander"]
[Result "1-0"]
[ECO "E15"]
[WhiteElo "2706"]
[BlackElo "2386"]
[Annotator "Robot 4"]
[PlyCount "155"]
[EventDate "2013.??.??"]
[EventCountry "RUS"]
[TimeControl "900+10"]

1. d4 Nf6 2. Nf3 e6 3. c4 b6 4. g3 Ba6 5. Qb3 Nc6 6. Nbd2 Na5 7. Qa4 c5 8.
dxc5 bxc5 9. Bg2 Bb7 10. O-O Be7 11. Ne5 Bxg2 12. Kxg2 O-O 13. Ndf3 d6 14. Bd2 Nb7 15. Nc6 Qd7 16. Rad1 Rfc8 17. Nxe7+ Qxe7 18. Bc3 Ne4 19. Qc2 Nxc3 20. Qxc3 Rab8 21. Rd3 Qf6 22. Qxf6 gxf6 23. Nd2 Kf8 24. Rd1 Ke7 25. Ne4 Rc6 26. Rb3 Rb6 27. Rxb6 axb6 28. g4 Ra8 29. Nc3 Na5 30. b3 Nc6 31. h3 Na7 32. Ne4 Rd8 33. Rd3 Nc6 34. Rd2 Na7 35.
Nc3 Rb8 36. Rd3 Nc6 37. Re3 Kd7 38. Ne4 Ke7 39. Rd3 Rd8 40. f4 Na7 41. Nc3 Rb8 42. Ne4 Rd8 43. f5 h6 44. Rf3 Rf8 45. Nc3 Rb8 46. Re3 Kd7 47.
Ne4 Ke7 48. Rd3 Rd8 49. Kg3 Nc6 50. Nc3 Nd4 51. Rd2 Rb8 52. e3 Nc6 53. Ne4 Rd8 54. Rf2 Rf8 55. Kh4 d5 56. Nc3 Rd8 57. Na4 Rb8 58. Rd2 d4 59.
exd4 Nxd4 60. Kh5 Kd6 61. Nb2 b5 62. Kxh6 Rh8+ 63. Kg7 Rxh3 64. Kxf6 Rg3 65. Kxf7 Rxg4 66. f6 Rf4 67. Nd3 Rf3 68. Ne1 Rf1 69.
Nc2 Ke5 70. Nxd4 cxd4 71. Ke7 Ke4 72. f7 Ke3 73. Rh2 b4 74.
f8=Q Rxf8 75. Kxf8 d3 76. Ke7 d2 77. Rh1 Ke2 78. Kd6 1-0

[Event "Aeroflot Open 2013"]
[Site "Moscow"]
[Date "2013.02.12"]
[Round "1.1"]
[White "Girya, Olga"]
[Black "Kamsky, Gata"]
[Result "0-1"]
[ECO "D15"]
[WhiteElo "2441"]
[BlackElo "2740"]
[Annotator "Robot 4"]
[PlyCount "116"]
[EventDate "2013.??.??"]
[EventCountry "RUS"]
[TimeControl "900+10"]

1. d4 d5 2. Nf3 Nf6 3. c4 c6 4. Nc3 a6 5. a4 e6 6. Bf4 a5 7. e3 Nbd7 8. Bd3 Bb4 9. O-O O-O 10. Qe2 b6 11. e4 Bxc3 12. bxc3 dxe4 13. Bxe4 Nxe4 14. Qxe4 Ba6 15. Qd3 Qf6 16. Be5 Qg6 17. Qe2 Rfe8 18. Rfd1 Rac8 19. Rab1 h6 20. Bg3 f6 21. Rb2 Qf7 22. h3 c5 23. Nd2 cxd4 24. cxd4 e5 25.
dxe5 Nxe5 26. Bxe5 Rxe5 27. Qg4 Bb7 28. Nf3 Re4 29. Qf5 Rexc4 30. Rd7 Be4 31. Rxf7 Bxf5 32. Rb7 Be4 33. R7xb6 Rxa4 34. Nd2 Bd5 35. Rd6 Rd4 36. Kh2 a4 37. Ra6 Kh7 38. Nf1 Ra8 39. Rxa8 Bxa8 40. Rb6 f5 41. Ra6 Be4 42. Ng3 Bd3 43. Ra7 Kg6 44. f3 f4 45.
Nh1 h5 46. Nf2 Bf5 47. h4 Kf6 48. Nh3 g6 49. Ng5 Ke5 50. Ra5+ Kd6 51. g3 Kc6 52. gxf4 Kb6 53. Ra8 Kb5 54. Nf7 Kb4 55. Ne5 Kb3 56. Kg3 a3 57. Nc6 Ra4 58. Rb8+ Kc3 0-1

[Event "Aeroflot Open 2013"]
[Site "Moscow"]
[Date "2013.02.12"]
[Round "1.13"]
[White "Gorbatov, Alexej"]
[Black "Efimenko, Zahar"]
[Result "0-1"]
[ECO "B07"]
[WhiteElo "2366"]
[BlackElo "2696"]
[Annotator "Robot 4"]
[PlyCount "62"]
[EventDate "2013.??.??"]
[EventCountry "RUS"]
[TimeControl "900+10"]

1. e4 d6 2. d4 Nf6 3. Nc3 g6 4. g3 Bg7 5. Bg2 O-O 6. Nge2 c6 7. a4 a5 8. O-O Na6 9. h3 Nb4 10. Be3 e5 11. Qd2 Be6 12. Rad1 Bc4 13. Rfe1 Re8 14. Qc1 Qc7 15. Kh2 Rad8 16. dxe5 dxe5 17. Ng1 Nd7 18. Nf3 Nf8 19. Nd2 Ba6 20.
Nb3 b6 21. Bg5 Rxd1 22. Rxd1 Ne6 23. Be3 f5 24. exf5 gxf5 25. h4 f4 26. Bd2 Bc4 27. Ne4 Nd3 28. Qb1 Nxf2 29. Nxf2 fxg3+ 30. Kxg3 e4+ 31. Kh3 Nf4+ 0-1

[Event "Aeroflot Open 2013"]
[Site "Moscow"]
[Date "2013.02.12"]
[Round "1.11"]
[White "Kostin, Konstantin"]
[Black "Sasikiran, Krishnan"]
[Result "0-1"]
[ECO "A34"]
[WhiteElo "2310"]
[BlackElo "2700"]
[Annotator "Robot 4"]
[PlyCount "58"]
[EventDate "2013.??.??"]
[EventCountry "RUS"]
[TimeControl "900+10"]

1. Nf3 Nf6 2. c4 c5 3. Nc3 d5 4. cxd5 Nxd5 5. e4 Nb4 6. Bc4 Be6 7. Bxe6 Nd3+ 8. Kf1 fxe6 9. Qb3 Qd7 10. Ng5 Nc6 11. Qxe6 O-O-O 12. Qxd7+ Rxd7 13. Nd5 Nd4 14. h4 e6 15. Ne3 h6 16. Nf3 Be7 17. Ne1 c4 18.
Nxd3 cxd3 19. b3 Nc2 20. Nxc2 dxc2 21. a3 Rhd8 22. Ke2 Rd4 23. f3 Rd3 24. b4 R3d6 25. Ra2 Rc6 26. Bb2 g5 27. hxg5 Bxg5 28. Bc3 Rxc3 29. dxc3 Rd2+ 0-1

[Event "Aeroflot Open 2013"]
[Site "Moscow"]
[Date "2013.02.12"]
[Round "2.2"]
[White "Pridorozhni, Aleksei"]
[Black "Fressinet, Laurent"]
[Result "1/2-1/2"]
[ECO "C33"]
[WhiteElo "2555"]
[BlackElo "2706"]
[Annotator "Robot 4"]
[PlyCount "49"]
[EventDate "2013.??.??"]
[EventCountry "RUS"]
[TimeControl "900+10"]

1. e4 e5 2. f4 exf4 3. Bc4 Nf6 4. Nc3 d5 5. Bxd5 Nxd5 6. Nxd5 g5 7. h4 Be6 8. hxg5 Bxd5 9. exd5 Qxg5 10. Qf3 Na6 11. d4 Nb4 12. Bxf4 Qf5 13.
Be5 Nxc2+ 14. Kd1 Rg8 15. Qxf5 Ne3+ 16. Ke2 Nxf5 17. Kf3 Be7 18. g4 Nh4+ 19. Kg3 Nf5+ 20. Kf4 Nh4 21. Kg3 Nf5+ 22. Kf4 Nh4 23.
Kg3 Nf5+ 24. Kf4 Nh4 25. Kg3 1/2-1/2

[Event "Aeroflot Open 2013"]
[Site "Moscow"]
[Date "2013.02.12"]
[Round "1.12"]
[White "Riazantsev, Alexander"]
[Black "Pustovoitova, Daria"]
[Result "1-0"]
[ECO "D85"]
[WhiteElo "2705"]
[BlackElo "2257"]
[Annotator "Robot 4"]
[PlyCount "63"]
[EventDate "2013.??.??"]
[EventCountry "RUS"]
[TimeControl "900+10"]

1. d4 Nf6 2. c4 g6 3. Nc3 d5 4. cxd5 Nxd5 5. Bd2 Bg7 6. e4 Nb6 7. Be3 O-O 8. Bb5 Bd7 9. Be2 Nc6 10. f4 Na5 11. Qc2 f5 12. e5 Bc6 13.
Nf3 Nd5 14. Nxd5 Bxd5 15. b4 Nc6 16. b5 Nb8 17. O-O Nd7 18.
a4 c6 19. bxc6 bxc6 20. a5 Rc8 21. Ba6 Rc7 22. Bc4 e6 23. Rfc1 Rb7 24. Bxd5 cxd5 25. Qc6 Rb3 26. Qxe6+ Kh8 27. Bf2 Nb8 28. Bh4 Re8 29. Qf7 Qd7 30. Qxd7 Nxd7 31. Rc7 Nf8 32. Rxa7 1-0

[Event "Aeroflot Open 2013"]
[Site "Moscow"]
[Date "2013.02.12"]
[Round "2.11"]
[White "Rychagov, Andrey"]
[Black "Riazantsev, Alexander"]
[Result "0-1"]
[ECO "E32"]
[WhiteElo "2561"]
[BlackElo "2705"]
[Annotator "Robot 4"]
[PlyCount "58"]
[EventDate "2013.??.??"]
[EventCountry "RUS"]
[TimeControl "900+10"]

1. d4 Nf6 2. c4 e6 3. Nc3 Bb4 4. Qc2 d6 5. Nf3 Nbd7 6. Bg5 h6 7. Bh4 b6 8. e3 Bb7 9. Be2 g5 10. Bg3 Ne4 11. Bd3 Bxc3+ 12. bxc3 f5 13. O-O Qe7 14. c5 bxc5 15. Rab1 Bc6 16. Nd2 Nxd2 17. Qxd2 O-O 18. f3 e5 19. Qc2 Qe6 20.
Rfd1 Rae8 21. Bf2 e4 22. fxe4 Bxe4 23. Bxe4 fxe4 24. Rb7 Nf6 25.
Rxc7 Ng4 26. Rd2 cxd4 27. cxd4 Rc8 28. h3 Rxc7 29. Qxc7 Rc8 0-1

[Event "Aeroflot Open 2013"]
[Site "Moscow"]
[Date "2013.02.12"]
[Round "2.10"]
[White "Sasikiran, Krishnan"]
[Black "Kosintseva, Tatiana"]
[Result "1-0"]
[ECO "E08"]
[WhiteElo "2700"]
[BlackElo "2517"]
[Annotator "Robot 4"]
[PlyCount "147"]
[EventDate "2013.??.??"]
[EventCountry "RUS"]
[TimeControl "900+10"]

1. d4 Nf6 2. c4 e6 3. g3 d5 4. Bg2 Bb4+ 5. Bd2 Be7 6. Nf3 O-O 7. O-O c6 8. Qc2 b6 9. Rd1 Bb7 10. Bf4 Nbd7 11. Ne5 Nh5 12. Bd2 Nhf6 13. cxd5 cxd5 14. Nc6 Bxc6 15. Qxc6 Rc8 16. Qb5 Nb8 17. Nc3 Nc6 18. e3 Qd7 19. Rac1 Na5 20. Qe2 Nc4 21. Be1 Rc7 22. e4 dxe4 23. Nxe4 Nxe4 24. Bxe4 Nd6 25. Rxc7 Qxc7 26. Bg2 Qc4 27. Qxc4 Nxc4 28. b3 Nb2 29. Rd2 Bb4 30. Re2 Bxe1 31. Rxe1 Rd8 32. Bf1 Rxd4 33. Rc1 g6 34. Rc7 a5 35.
Bb5 Rd1+ 36. Kg2 Nd3 37. Rb7 Ne1+ 38. Kf1 Nc2+ 39. Ke2 Ra1 40.
Be8 Rxa2 41. Bxf7+ Kf8 42. Kd3 Nb4+ 43. Ke3 Nd5+ 44. Kf3 Rb2 45. Bxe6 Rxb3+ 46. Ke4 Nc3+ 47. Kd4 Ra3 48. Rxb6 Ne2+ 49. Ke5 Rf3 50. Bg4 Rxf2 51. Rb2 Rxh2 52. Bxe2 Kg7 53. Kf4 Rf2+ 54. Ke3 Rf5 55. Rb7+ Kh6 56. Ra7 Rc5 57. Kf2 Rf5+ 58. Kg2 Re5 59. Bc4 Rc5 60. Be6 Re5 61. Bg8 Re8 62. Rxh7+ Kg5 63. Bd5 Re5 64. Bf3 Rc5 65. Ra7 Kf5 66. Ra6 g5 67. Kh3 Ke5 68. Kg4 Kd4 69. Bd1 Kc3 70.
Bf3 Kb4 71. Bc6 Kb3 72. Bd7 Kb4 73. Rb6+ Kc3 74. Rc6 1-0